 Dungeon Crawl Stone Soup version 0.25.1-2-g60ff931df9 (webtiles) character file.

Game seed: 3155706374135862119

27258 ckea the Blocker (level 13, -1/80 HPs)
             Began as a Gargoyle Fighter on Oct 9, 2020.
             Was a High Priest of Qazlal.
             Shot with a bolt by a naga sharpshooter (9 damage)
             ... on level 1 of the Snake Pit.
             The game lasted 00:42:17 (11126 turns).

ckea the Blocker (Gargoyle Fighter)                Turns: 11126, Time: 00:42:18

Health: -1/80      AC: 33    Str: 20    XL:     13   Next: 31%
Magic:  13/13      EV:  5    Int: 13    God:    Qazlal [*****.]
Gold:   578        SH: 26    Dex: 13    Spells: 12/12 levels left

rFire    + . .     SeeInvis .   D - +4 war axe (elec)
rCold    . . .     Gourm    .   r - +0 tower shield
rNeg     + . .     Faith    +   B - +3 plate armour of the End {Harm rF+ Stlth+} rPois โˆž Spirit .
                                K - +0 hat {Int+3}
rElec    +         Reflect  .   i - +2 cloak
rCorr    .         Harm     +   C - +0 pair of gloves
MR       .....                  t - +0 pair of boots
Stlth    ..........             v - amulet of faith
HPRegen  0.23/turn              (no ring)
MPRegen  0.13/turn              (no ring)

@: repel missiles
A: negative energy resistance 1, electricity resistance, unbreathing,
petrification resistance, rot immunity, AC +9
a: Upheaval, Elemental Force, Disaster Area, Renounce Religion


You were on level 1 of the Snake Pit.
You worshipped Qazlal.
Qazlal was extremely pleased with you.
You were not hungry.

You visited 3 branches of the dungeon, and saw 11 of its levels.

You collected 578 gold pieces.

Inventory:

Hand Weapons
 a - a +0 flail
 m - a +2 whip of venom
 p - a +0 hunting sling
 z - a +0 whip of freezing
 D - a +4 war axe of electrocution (weapon)
 E - a +0 vorpal hand axe
Missiles
 q - 293 stones (quivered)
Armour
 b - a +0 scale mail
 c - a +0 kite shield
 i - a +2 cloak (worn)
 j - a +0 plate armour
 r - a +0 tower shield (worn)
 t - a +0 pair of boots (worn)
 B - the +3 plate armour of the End (worn) {Harm rF+ Stlth+}
   (You found it on level 7 of the Dungeon)

   It protects you from fire.
   It increases damage dealt and taken.
   It makes you more stealthy.
 C - a +0 pair of gloves (worn)
 K - a +0 hat of intelligence (worn)
Magical Staves
 H - an uncursed staff of air {unknown}
Jewellery
 e - a +6 ring of strength {unknown}
 v - an amulet of faith (around neck)
 F - an uncursed amulet of the acrobat {unknown}
 N - an uncursed amulet of the acrobat {unknown}
Wands
 n - a wand of digging (5)
 o - a wand of disintegration (27)
 A - a wand of clouds (7)
Scrolls
 g - 4 scrolls of remove curse
 h - 4 scrolls of immolation
 k - 4 scrolls of teleportation {unknown}
 s - 2 scrolls of enchant weapon {unknown}
 u - 3 scrolls of amnesia {unknown}
 w - 3 scrolls of enchant armour {unknown}
 x - 4 scrolls of blinking {unknown}
 y - a scroll of fear {unknown}
 J - a scroll of magic mapping {unknown}
 O - a scroll of identify
Potions
 d - 2 potions of might
 l - 2 potions of flight
 G - a potion of resistance
 I - a potion of stabbing {unknown}
 L - a potion of berserk rage {unknown}
 M - 3 potions of lignification {unknown}
Comestibles
 f - 17 rations


   Skills:
 + Level 9.1 Fighting
 + Level 10.6(11.4) Axes
 - Level 7.6(10.6) Maces & Flails
 + Level 9.8 Armour
 + Level 2.0 Dodging
 + Level 14.2 Shields
 + Level 0.4 Invocations


You had 12 spell levels left.
You didn't know any spells.
Your spell library contained the following spells:

 Spells                   Type           Power        Failure   Level  Hunger
 Foxfire                  Conj/Fire      #...         100%        1    ##.....
 Shock                    Conj/Air       #...         100%        1    ##.....
 Swiftness                Chrm/Air       #.......     100%        2    ###....
 Confusing Touch          Hex            #.......     100%        3    ####...
 Conjure Flame            Conj/Fire      #.......     100%        3    ####...
 Gell's Gravitas          Tloc           #.........   100%        3    ####...
 Inner Flame              Hex/Fire       #.......     100%        3    ####...
 Portal Projectile        Hex/Tloc       #.....       100%        3    ####...
 Static Discharge         Conj/Air       #.......     100%        3    ####...
 Airstrike                Air            #.........   100%        4    #####..
 Cause Fear               Hex            #.........   100%        4    #####..
 Petrify                  Tmut/Erth      #.......     100%        4    #####..
 Sticky Flame             Conj/Fire      #.......     100%        4    #####..
 Fireball                 Conj/Fire      #.........   100%        5    ######.
 Lightning Bolt           Conj/Air       #.........   100%        5    ######.
 Metabolic Englaciation   Hex/Ice        #.........   100%        5    ######.
 Silence                  Hex/Air        #.........   100%        5    ######.
 Yara's Violent Unravell  Hex/Tmut       #.........   100%        5    ######.
 Dispersal                Tloc           #.........   100%        6    #######
 Controlled Blink         Tloc           N/A          100%        8    #######
 Discord                  Hex            #.........   100%        8    #######
 Disjunction              Tloc           #.........   100%        8    #######


Dungeon Overview and Level Annotations

Branches:
Dungeon (8/15)             Temple (0/1) D:6            Lair (2/6) D:8
  Swamp (0/4) Lair:2        Snake (1/4) Lair:2

Altars:
Cheibriados
Fedhas
Gozag
Hepliaklqana
Kikubaaqudgha
Nemelex Xobeh
Okawaru
Qazlal
Ru
Sif Muna
Trog
Vehumet
Xom


Innate Abilities, Weirdness & Mutations

You are resistant to torment.
Your stone body is resilient. (AC +9)
You are immune to poison.
You resist negative energy. (rN+)
You are resistant to electric shocks. (rElec)
You can survive without breathing.
You are immune to petrification.
You are immune to rotting.


Message History

The naga sharpshooter magically shoots an arrow.
The arrow hits you but does no damage.
You hit the naga sharpshooter.
You kill the naga sharpshooter!
Qazlal accepts your kill.
You hit the naga sharpshooter.
Lightning courses through the naga sharpshooter!!
The naga sharpshooter mumbles some strange words.
The naga sharpshooter magically shoots a bolt.
The bolt hits you!
* * * LOW HITPOINT WARNING * * *
You slash the naga sharpshooter!
The naga sharpshooter is severely wounded.
The naga sharpshooter gestures wildly while chanting.
The naga sharpshooter magically shoots a bolt.
You block the bolt.
The naga sharpshooter gestures wildly while chanting.
The naga sharpshooter magically shoots a bolt.
The bolt hits you!
You die...

........ ......# .....#
....# #......... ...#
#......... ## #..#
#......... . #)#
##.........
#.###N##.#..........
..###.#(@)((.....(......
........#)###..........
......โ—‹.รท)โ—‹......^...#
........##...........#
........##...........#
..###.####...........# # #.
#...........#### #.
#...........##.. #.
#.....).....##.#


You could see a naga sharpshooter (catching breath).

Vanquished Creatures
  Gastronok (D:8)
  Harold (D:8)
  3 hydras (Lair:1)
  2 anacondas
  3 naga warriors (Snake:1)
  2 naga sharpshooters (Snake:1)
  A naga ritualist (Snake:1)
  4 mana vipers (Snake:1)
  A deep elf mage (D:7)
  Pikel (D:7)
  4 salamanders
  6 spiny frogs
  6 naga magi (Snake:1)
  3 black mambas (Snake:1)
  3 komodo dragons
  2 hippogriffs (Lair:1)
  2 bog bodies (Lair:2)
  8 yaks (Lair:1)
  Eustachio (D:6)
  A hungry ghost (D:7)
  4 hogs (D:7)
  A human (D:7)
  A vampire mosquito (D:7)
  10 nagas
  Edmund (D:5)
  A swamp worm (Lair:2)
  4 water moccasins
  A porcupine (Lair:2)
  3 orc warriors
  3 sky beasts
  2 slaves (D:7)
  2 ice beasts
  An ogre (D:8)
  5 wolves (Lair:2)
  2 crocodiles
  3 centaurs
  Blork the orc (D:7)
  6 bullfrogs
  4 scorpions
  5 wights (D:8)
  3 howler monkeys
  2 electric eels (Lair:2)
  3 centaur zombies
  2 crimson imps
  3 hounds (D:7)
  2 jellies
  6 orc priests
  2 centaur skeletons
  8 orc wizards
  4 bullfrog skeletons
  An iguana (D:7)
  6 worker ants
  2 hound skeletons
  A howler monkey zombie (D:8)
  4 gnolls (D:2)
  A howler monkey skeleton (D:8)
  5 adders
  6 shadow imps
  3 worms
  11 leopard geckos
  21 orcs
  5 bats
  3 bat zombies (D:4)
  A giant cockroach (D:6)
  9 goblins
  8 hobgoblins
  15 jackals
  2 kobolds
  4 quokkas
  3 ball pythons (D:6)
  2 frilled lizards
  A jackal skeleton (D:4)
  A leopard gecko skeleton (D:5)
  A quokka zombie (D:7)
  6 rats
  3 rat zombies (D:4)
  A fungus (Lair:2)
  2 plants (Lair:2)
278 creatures vanquished.

Vanquished Creatures (others)
  2 slaves (D:7)
  A centaur (D:7)
  A bullfrog (D:7)
  A quokka (D:7)
  2 fungi (Lair:2)
7 creatures vanquished.

Grand Total: 285 creatures vanquished

Notes
Turn   | Place    | Note
-------+----------+-------------------------------------------
     0 | D:1      | ckea the Gargoyle Fighter began the quest for the Orb.
     0 | D:1      | Reached XP level 1. HP: 14/14 MP: 1/1
   240 | D:1      | Reached XP level 2. HP: 19/19 MP: 2/2
   767 | D:2      | Reached XP level 3. HP: 12/23 MP: 3/3
  1016 | D:2      | Reached XP level 4. HP: 25/29 MP: 4/4
  1526 | D:2      | Reached skill level 4 in Shields
  1645 | D:2      | Found an opulent altar of Gozag.
  1756 | D:2      | Found a stormy altar of Qazlal.
  1756 | D:2      | Found a radiant altar of Vehumet.
  1764 | D:2      | Found a sacrificial altar of Ru.
  1767 | D:2      | Became a worshipper of Qazlal Stormbringer
  1770 | D:2      | Found a faded altar of an unknown god.
  1772 | D:2      | Found an iron altar of Okawaru.
  1931 | D:3      | Reached XP level 5. HP: 12/33 MP: 5/5
  2324 | D:3      | Reached skill level 1 in Dodging
  2733 | D:3      | Reached * piety under Qazlal
  2733 | D:3      | Reached XP level 6. HP: 38/38 MP: 6/6
  3250 | D:4      | Found an iron altar of Okawaru.
  3625 | D:4      | Found an ancient bone altar of Kikubaaqudgha.
  3979 | D:5      | Entered Level 5 of the Dungeon
  4015 | D:5      | Reached skill level 5 in Shields
  4116 | D:5      | Noticed a sky beast
  4144 | D:5      | Killed a sky beast
  4144 | D:5      | Reached XP level 7. HP: 32/44 MP: 7/7
  4499 | D:5      | Noticed Edmund
  4521 | D:5      | Killed Edmund
  4521 | D:5      | Reached ** piety under Qazlal
  4521 | D:5      | Reached skill level 5 in Maces & Flails
  4521 | D:5      | Reached skill level 6 in Shields
  4986 | D:6      | Reached skill level 5 in Armour
  4989 | D:6      | Reached XP level 8. HP: 48/48 MP: 8/8
  5011 | D:6      | Reached skill level 7 in Shields
  5257 | D:6      | Found a snail-covered altar of Cheibriados.
  5354 | D:6      | Found a bloodstained altar of Trog.
  5354 | D:6      | Noticed Eustachio
  5366 | D:6      | Killed Eustachio
  5366 | D:6      | Reached skill level 8 in Shields
  5563 | D:6      | Found a staircase to the Ecumenical Temple.
  5691 | D:7      | Noticed Pikel
  5707 | D:7      | Killed Pikel
  5707 | D:7      | Reached XP level 9. HP: 43/53 MP: 9/9
  5747 | D:7      | Reached skill level 9 in Shields
  5786 | D:7      | Noticed a deep elf mage
  5818 | D:7      | Reached skill level 5 in Fighting
  5854 | D:7      | Killed a deep elf mage
  5939 | D:7      | Paralysed by fainting for 6 turns
  5953 | D:7      | Reached skill level 10 in Shields
  6056 | D:7      | Reached *** piety under Qazlal
  6088 | D:7      | Noticed a komodo dragon
  6096 | D:7      | Got a blackened plate armour
  6111 | D:7      | Killed a komodo dragon
  6115 | D:7      | Identified the +3 plate armour of the End {Harm rF+ Stlth+}
                  | (You found it on level 7 of the Dungeon)
  6160 | D:7      | Reached XP level 10. HP: 49/59 MP: 10/10
  6634 | D:7      | Reached skill level 11 in Shields
  6834 | D:7      | Noticed Blork the orc
  6849 | D:7      | Found a shimmering blue altar of Sif Muna.
  6856 | D:7      | Killed Blork the orc
  6856 | D:7      | Reached skill level 1 in Axes
  6932 | D:7      | Found a blossoming altar of Fedhas.
  7034 | D:8      | Found a staircase to the Lair.
  7252 | D:8      | Reached **** piety under Qazlal
  7360 | D:8      | Noticed Gastronok
  7361 | D:8      | Noticed Harold
  7374 | D:8      | Killed Harold
  7376 | D:8      | Killed Gastronok
  7376 | D:8      | Reached skill level 5 in Axes
  7376 | D:8      | Reached XP level 11. HP: 67/67 MP: 11/11
  7489 | D:8      | Found a sparkling altar of Nemelex Xobeh.
  7766 | D:8      | Found a hazy altar of Hepliaklqana.
  7767 | D:8      | Found a shimmering altar of Xom.
  7994 | Lair:1   | Entered Level 1 of the Lair of Beasts
  8033 | Lair:1   | Noticed a six-headed hydra
  8042 | Lair:1   | Killed an 11-headed hydra
  8051 | Lair:1   | Reached skill level 12 in Shields
  8098 | Lair:1   | Noticed a five-headed hydra
  8107 | Lair:1   | Killed a nine-headed hydra
  8108 | Lair:1   | Noticed a six-headed hydra
  8118 | Lair:1   | Killed a nine-headed hydra
  8966 | Lair:2   | Reached XP level 12. HP: 67/73 MP: 12/12
  9011 | Lair:2   | Found a staircase to the Snake Pit.
  9115 | Lair:2   | Reached ***** piety under Qazlal
  9305 | Lair:2   | Found a staircase to the Swamp.
  9770 | Snake:1  | Entered Level 1 of the Snake Pit
  9788 | Snake:1  | Noticed a naga warrior
  9790 | Snake:1  | Reached skill level 13 in Shields
  9795 | Snake:1  | Noticed an anaconda
 10063 | Lair:2   | Killed an anaconda
 10444 | Snake:1  | Killed a naga warrior
 10833 | Snake:1  | Noticed a naga warrior
 10846 | Snake:1  | Killed a naga warrior
 10846 | Snake:1  | Reached skill level 10 in Axes
 10846 | Snake:1  | Reached XP level 13. HP: 36/80 MP: 0/13
 10888 | Snake:1  | Reached skill level 14 in Shields
 11126 | Snake:1  | Shot with a bolt by a naga sharpshooter

Illustrated notes

Levels and vault maps discovered:
D:1:      wander_arrival_desolate, layout_loops_ring, columned_hall_lemuel
D:2:      layout_loops_ring, chequers_temple_overflow_minitemple,
          lemuel_coloured_pillars_altar, first_ration
D:3:      layout_loops_ring, minmay_misc_feat_encased
D:4:      cheibrodos_old_hovel, layout_loops_corners,
          lemuel_zombie_altar_kikubaaqudgha, minmay_misc_feat_nine_boxes,
          okawaru_gym_becter
D:5:      layout_loops_ring, uniq_edmund
D:6:      layout_cave_pools, lemuel_doored_altar, lemuel_round_altar,
          minmay_temple_entry_purple_smoke, uniq_eustachio
D:7:      minmay_the_grid_plus_closed [minmay_the_grid_minigrid_small,
          minmay_the_grid_doors, minmay_the_grid_box_x, minmay_the_grid_mess,
          minmay_the_grid_prize_four_corners], layout_loops_ring, tgw_sif,
          fedhas_altar_fruit_tree, grunt_livestock, uniq_pikel
D:8:      layout_gridville, regret_index_temple_of_mockery,
          overflow_temple_1_default, lair_entry_dummy, uniq_harold,
          uniq_gastronok
Lair:1:   layout_gridlike, grunt_megastairs_2, lemuel_fruit_tree
Lair:2:   layout_chaotic_city, nicolae_swamp_entry_splash_gauntlet,
          minmay_snake_entry_guardpost_small, nicolae_quartered_pool_medium,
          st_stairs_5, serial_bayou_shore_b
Snake:1:  layout_basic

Skill      XL: |  1  2  3  4  5  6  7  8  9 10 11 12 13 |
---------------+----------------------------------------+-----
Shields        | 4 5 6 8 10 11 12 13 14 | 14.2
Armour         | 4 5 6 7 8 9 |  9.8
Maces & Flails | 3 4 5 6 7 |  7.6
Dodging        | 1 2 |  2.0
Fighting       | 4 5 7 8 9 |  9.1
Axes           | 5 8 10 | 10.6
Invocations    | |  0.4

Action                   |  1- 3 |  4- 6 |  7- 9 | 10-12 | 13-15 || total
-------------------------+-------+-------+-------+-------+-------++-------
Melee: Flail             |   100 |       |       |       |       ||   100
       Whip              |       |   223 |   456 |     4 |       ||   683
       War axe           |       |       |       |   339 |    84 ||   423
Invok: Upheaval          |       |       |     1 |     1 |       ||     2
  Use: Scroll            |     3 |     7 |     2 |     2 |       ||    14
       Potion            |       |       |     5 |     4 |     3 ||    12
 Stab: Invisible         |       |       |     4 |       |       ||     4
  Eat: Chunk             |       |     4 |     1 |     3 |       ||     8
       Ration            |       |     2 |     4 |     3 |     1 ||    10
Armor: Scale mail        |    70 |    39 |       |       |       ||   109
       Plate armour      |       |    71 |   236 |   188 |    22 ||   517
Dodge: Dodged            |    37 |    19 |    41 |    49 |     5 ||   151
       Repelled          |       |       |       |     3 |     2 ||     5
Block: Kite shield       |    48 |    27 |       |       |       ||    75
       Tower shield      |       |    91 |   466 |   452 |   109 ||  1118
